 Dungeon Crawl Stone Soup version 0.22-a0-533-g4d20840e7c (webtiles) character file.

3857 JackS81 the Cleaver (level 9, -1/66 HPs)
             Began as a Demonspawn Fighter on June 22, 2018.
             Was a Priest of Okawaru.
             Slain by a yak (10 damage)
             ... on level 9 of the Dungeon.
             The game lasted 00:24:20 (7505 turns).

JackS81 the Cleaver (Demonspawn Fighter)            Turns: 7505, Time: 00:24:20

Health: -1/66      AC: 13    Str: 16    XL:     9   Next: 99%
Magic:  10/10      EV: 10    Int: 14    God:    Okawaru [***...]
Gold:   502        SH: 10    Dex: 16    Spells: 2/8 levels left

rFire    . . .     SeeInvis +   L - +8 war axe of Beazon {freeze, +Blink rElec MR- SInv}
rCold    . . .     Gourm    .   c - +0 shield
rNeg     . . .     Faith    +   G - +2 ring mail {MR+}
rPois    +         Spirit   .   (helmet restricted)
rElec    +         Reflect  .   (no cloak)
rCorr    .         Harm     .   (no gloves)
MR       .....                  y - +2 pair of boots
Stlth    +.........             s - amulet of faith
HPRegen  0.21/turn              H - +4 ring of intelligence
MPRegen  0.12/turn              S - ring of poison resistance

@: no status effects
A: antennae 1, hooves 1, thin metallic scales 1, powered by pain 2, screaming 1
a: Heroism, Renounce Religion, Evoke Blink


You were on level 9 of the Dungeon.
You worshipped Okawaru.
Okawaru was most pleased with you.
You were not hungry.

You visited 1 branch of the dungeon, and saw 9 of its levels.

You collected 502 gold pieces.

Inventory:

Hand Weapons
 a - a +0 war axe
 l - a +0 hand crossbow
 E - a +1 shortbow of flaming
 F - a +0 lajatang of electrocution
 L - the +8 war axe of Beazon (weapon) {freeze, +Blink rElec MR- SInv}
   (You found it on level 7 of the Dungeon)

   It has been specially enchanted to freeze those struck by it, causing extra
   injury to most foes and up to half again as much damage against particularly
   susceptible opponents.
   It can also slow down cold-blooded creatures.
   It insulates you from electricity.
   It affects your resistance to hostile enchantments.
   It lets you see invisible.
   It lets you blink.
 X - a +0 blowgun
Missiles
 e - 212 stones (quivered)
 j - 77 bolts
 o - 200 arrows
 p - 41 poisoned needles
Armour
 c - a +0 shield (worn)
 y - a +2 pair of boots (worn)
 G - a +2 ring mail of magic resistance (worn)
 M - a +2 leather armour of cold resistance
Magical Staves
 C - an uncursed staff of cold {unknown}
Jewellery
 s - an amulet of faith (around neck)
 H - a +4 ring of intelligence (left hand)
 P - the ring of Birdsong {*Corrode rF+ rC+ Str+7 Int-2}
   (You found it on level 8 of the Dungeon)

   [ring of protection from fire]

   It affects your strength (+7).
   It affects your intelligence (-2).
   It protects you from fire.
   It protects you from cold.
   It may corrode you when you take damage.
 Q - an uncursed ring of positive energy
 R - an uncursed amulet of the acrobat {unknown}
 S - a ring of poison resistance (right hand)
Wands
 h - a wand of digging (13)
 D - a wand of clouds (4)
 I - a wand of random effects (27)
Scrolls
 g - 4 scrolls of identify
 i - a scroll of immolation {unknown}
 k - a scroll of magic mapping {unknown}
 n - 3 scrolls of enchant armour {unknown}
 q - 3 scrolls of enchant weapon {unknown}
 r - 4 scrolls of remove curse {unknown}
 t - 4 scrolls of amnesia {unknown}
 v - 4 scrolls of teleportation {unknown}
 x - a scroll of blinking {unknown}
 N - a scroll of holy word {unknown}
 O - a scroll of fog {unknown}
 U - a scroll of random uselessness {unknown}
Potions
 b - 2 potions of haste {unknown}
 d - a potion of might
 m - 3 potions of degeneration {unknown}
 u - a potion of curing {unknown}
 w - 3 potions of mutation
 z - a potion of cancellation {unknown}
 A - a potion of flight {unknown}
 B - a potion of berserk rage {unknown}
 J - a potion of brilliance {unknown}
 K - a potion of agility {unknown}
 T - a potion of lignification {unknown}
 V - a potion of invisibility {unknown}
 W - a potion of ambrosia {unknown}
Comestibles
 f - 16 rations


   Skills:
 + Level 4.6 Fighting
 * Level 10.2 Axes
 + Level 5.0 Armour
 + Level 2.8 Dodging
 + Level 5.5 Shields
 * Level 1.5 Hexes
 * Level 2.2 Invocations
 * Level 1.6 Evocations


You had 2 spell levels left.
You knew the following spells:

 Your Spells              Type           Power        Failure   Level  Hunger
a - Confuse               Hex            #.......     96%         3    ####...
b - Dazzling Spray        Conj/Hex       #.....       98%         3    ####...

Your spell library contained the following spells:

 Spells                   Type           Power        Failure   Level  Hunger
 Tukima's Dance           Hex            #.......     96%         3    ####...
 Spider Form              Tmut/Pois      #.........   99%         3    ####...
 Blade Hands              Tmut           #.........   100%        5    ######.
 Ice Form                 Ice/Tmut       #.......     100%        4    #####..
 Sticks to Snakes         Tmut           #.......     95%         2    ###....
 Ensorcelled Hibernation  Hex/Ice        #.....       89%         2    ###....
 Corona                   Hex            #......      67%         1    ##.....
 Beastly Appendage        Tmut           #.....       87%         1    ##.....


Dungeon Overview and Level Annotations

Branches:
Dungeon (9/15)
 Temple: D:4-7         Lair: D:8-11         Orc: D:9-12

Altars:
Dithmenos
Fedhas
Gozag
Hepliaklqana
Okawaru
Qazlal
Sif Muna
Trog
Vehumet
Yredelemnul

Shops:
D:5 %   D:6 =

Annotations:
D:4 1 runed door, NoiZ's ghost, amateur MiFi


Innate Abilities, Weirdness & Mutations

You have large cloven feet.
You are partially covered in thin metallic scales. (AC +2)
You sometimes gain power by taking damage.
You have a pair of small antennae on your head.
You occasionally shout uncontrollably at your foes.


Message History

The yak is lightly wounded.
The yak gores you!
You slash the yak! You freeze the yak.
The yak is heavily wounded.
You block the yak's attack.
You slash the yak! You freeze the yak.
The yak is almost dead.
The yak gores you!
* * * LOW HITPOINT WARNING * * *
You slice the yak!! You freeze the yak.
You kill the yak!
Okawaru accepts your kill.
Okawaru will gift you ammunition as your piety grows.
You slash the yak! You freeze the yak.
The yak is moderately wounded.
You block the yak's attack.
It was a potion of mutation.
You feel extremely strange.
You feel the urge to shout. A pair of antennae grows on your head!
The yak gores you!
You die...

###########################
...........................
..#.....###................
..#.....###..####..............##
..#..........# #................
..#..........####................
...............Y@................
#'#################..............
#...Y..Y. ........#..............
#...Y.... ........#..............
#....Y... ........#..............
#...!.... ........#..............
#....Y.##########'#..............
#...Y..#....................#####
#......#....................# #


You could see a yak.

Vanquished Creatures
  A two-headed ogre (D:9)
  5 yaks (D:9)
  A hungry ghost (D:9)
  An ice beast (D:8)
  A sky beast (D:5)
  A phantom (D:9)
  6 ogres
  A centaur (D:5)
  A big kobold (D:9)
  5 bullfrogs
  7 crimson imps
  A bullfrog zombie (D:9)
  3 hounds
  A jelly (D:5)
  2 orc wizards (D:6)
  A centaur skeleton (D:5)
  2 bullfrog skeletons
  8 worker ants
  3 iguanas
  A hound skeleton (D:2)
  2 worker ant zombies
  3 gnolls (D:8)
  13 adders
  3 shadow imps
  4 adder skeletons
  2 worms
  3 dart slugs
  5 leopard geckos
  15 orcs
  2 ball pythons
  2 giant cockroaches
  11 hobgoblins
  3 jackals (D:1)
  4 quokkas
  4 bats
  7 frilled lizards
  6 goblins
  A jackal skeleton (D:8)
  19 kobolds
  A rat (D:1)
162 creatures vanquished.

Vanquished Creatures (others)
  An orc wizard (D:6)
1 creature vanquished.

Grand Total: 163 creatures vanquished

Notes
Turn   | Place    | Note
-------+----------+-------------------------------------------
     0 | D:1      | JackS81 the Demonspawn Fighter began the quest for the Orb.
     0 | D:1      | Reached XP level 1. HP: 18/18 MP: 1/1
   309 | D:1      | Gained mutation: You sometimes gain a little power by taking damage. [demonic ancestry]
   309 | D:1      | Reached XP level 2. HP: 24/24 MP: 2/2
   382 | D:1      | Reached skill level 2 in Axes
   950 | D:2      | Gained mutation: You have large cloven feet. [demonic ancestry]
   950 | D:2      | Reached XP level 3. HP: 13/29 MP: 3/3
  1634 | D:2      | Reached skill level 1 in Dodging
  2298 | D:3      | Gained mutation: You sometimes gain power by taking damage. [demonic ancestry]
  2298 | D:3      | Reached XP level 4. HP: 33/35 MP: 4/4
  2886 | D:3      | Reached skill level 3 in Axes
  2976 | D:3      | Found a deep blue altar of Sif Muna.
  3235 | D:4      | Gained mutation: You are partially covered in thin metallic scales. (AC +2) [demonic ancestry]
  3235 | D:4      | Reached XP level 5. HP: 37/41 MP: 5/5
  3572 | D:4      | Noticed an ogre
  3585 | D:4      | Killed an ogre
  3676 | D:4      | Found a runed door.
  3676 | D:4      | Noticed NoiZ's ghost (amateur MiFi)
  3775 | D:5      | Entered Level 5 of the Dungeon
  3798 | D:5      | Reached XP level 6. HP: 42/47 MP: 6/6
  3816 | D:5      | Found Xisifire's Food Shoppe.
  3946 | D:5      | Reached skill level 4 in Axes
  4181 | D:5      | Noticed a sky beast
  4200 | D:5      | Killed a sky beast
  4200 | D:5      | Reached skill level 5 in Axes
  4200 | D:5      | Reached XP level 7. HP: 30/52 MP: 7/7
  4888 | D:6      | Reached skill level 6 in Axes
  5331 | D:6      | Found Jeyhuod's Jewellery Shop.
  5399 | D:6      | Reached XP level 8. HP: 59/59 MP: 8/8
  5575 | D:7      | Got a dazzling war axe
  5588 | D:7      | Identified the +8 war axe of Beazon {freeze, +Blink rElec MR- SInv} (You found it on level 7 of the Dungeon)
  5669 | D:7      | Reached skill level 7 in Axes
  5896 | D:7      | Found a stormy altar of Qazlal.
  6030 | D:7      | Found a radiant altar of Vehumet.
  6030 | D:7      | Found an iron altar of Okawaru.
  6035 | D:7      | Found a blossoming altar of Fedhas.
  6037 | D:7      | Found a bloodstained altar of Trog.
  6042 | D:7      | Found a shadowy altar of Dithmenos.
  6054 | D:7      | Became a worshipper of Warmaster Okawaru
  6083 | D:7      | Found a basalt altar of Yredelemnul.
  6234 | D:7      | Found an opulent altar of Gozag.
  6298 | D:7      | Found a hazy altar of Hepliaklqana.
  6377 | D:8      | Reached skill level 8 in Axes
  6465 | D:8      | Got a vibrating wooden ring
  6620 | D:8      | Identified the ring of Birdsong {*Corrode rF+ rC+ Str+7 Int-2} (You found it on level 8 of the Dungeon)
  6805 | D:8      | Reached XP level 9. HP: 65/65 MP: 9/9
  7031 | D:9      | Noticed a two-headed ogre
  7060 | D:9      | Killed a two-headed ogre
  7060 | D:9      | Reached * piety under Okawaru
  7060 | D:9      | Reached skill level 9 in Axes
  7060 | D:9      | Reached skill level 5 in Shields
  7226 | D:9      | Learned a level 3 spell: Confuse
  7230 | D:9      | Learned a level 3 spell: Dazzling Spray
  7332 | D:9      | Reached ** piety under Okawaru
  7406 | D:9      | Reached skill level 1 in Invocations
  7486 | D:9      | Reached skill level 10 in Axes
  7486 | D:9      | Reached skill level 1 in Hexes
  7486 | D:9      | Reached skill level 1 in Evocations
  7494 | D:9      | Reached skill level 5 in Armour
  7503 | D:9      | Reached *** piety under Okawaru
  7505 | D:9      | Gained mutation: You occasionally shout uncontrollably at your foes. [potion of mutation]
  7505 | D:9      | Gained mutation: You have a pair of small antennae on your head. [potion of mutation]
  7505 | D:9      | Slain by a yak

Vault maps used:
D:1:      onia_arrival_mini_spirals, hangedman_decor_slide_cut,
          minmay_misc_feat_four_crosses
D:2:      grunt_decor_mini_mirrors, st_stairs_5
D:3:      led_sif_pool
D:4:      first_ration, gammafunk_ghost_grave
D:5:      minmay_temple_entry_from_below_a, serial_shops, shop
D:6:      corexii_shack_village, serial_shops, shop_fountains,
          kennysheep_generic_room_16
D:7:      chequers_temple_overflow_minitemple, kennysheep_mini,
          nicolae_overflow_hidden_temple, yredelemnul_altar_generic

Skill      XL: |  1  2  3  4  5  6  7  8  9 |
---------------+----------------------------+-----
Axes           | 2 3 5 6 8 10 | 10.2
Shields        | 3 4 5 |  5.5
Armour         | 3 4 5 |  5.0
Dodging        | 1 2 |  2.8
Fighting       | 4 |  4.6
Invocations    | 2 |  2.2
Hexes          | 1 |  1.5
Evocations     | 1 |  1.6

Action                   |  1- 3 |  4- 6 |  7- 9 || total
-------------------------+-------+-------+-------++-------
Melee: War axe           |   102 |   177 |   335 ||   614
       Kick              |    11 |    12 |       ||    23
Throw: Stone             |       |     4 |       ||     4
Evoke: Wand              |       |       |     1 ||     1
  Use: Scroll            |     1 |       |     7 ||     8
       Potion            |       |       |     1 ||     1
  Eat: Chunk             |     4 |     7 |    10 ||    21
       Ration            |       |       |     1 ||     1
Armor: Scale mail        |    61 |    82 |    24 ||   167
       Ring mail         |       |       |    97 ||    97
Dodge: Dodged            |    34 |    58 |   109 ||   201
Block: Shield            |    55 |    94 |   136 ||   285

Table legend:
 A = Spawn XP
 B = Non-spawn XP
 C = Spawn XP percentage of total XP
 D = Spawn monster count
 E = Non-spawn monster count
 F = Spawn count percentage of total count
 G = Total turns spent on level
                    A         B        C        D         E        F      G
               +---------+---------+-------+---------+---------+-------+---------
         Total |       0 |    5510 |   0.0 |       0 |     162 |   0.0 |  7505
               +---------+---------+-------+---------+---------+-------+---------
           D:1 |       0 |      33 |   0.0 |       0 |      19 |   0.0 |   920
           D:2 |       0 |      58 |   0.0 |       0 |      17 |   0.0 |  1365
           D:3 |       0 |      81 |   0.0 |       0 |      18 |   0.0 |   913
           D:4 |       0 |     166 |   0.0 |       0 |      11 |   0.0 |   577
           D:5 |       0 |     682 |   0.0 |       0 |      20 |   0.0 |   926
           D:6 |       0 |     466 |   0.0 |       0 |      24 |   0.0 |   862
           D:7 |       0 |     752 |   0.0 |       0 |      18 |   0.0 |   807
           D:8 |       0 |     754 |   0.0 |       0 |      17 |   0.0 |   598
           D:9 |       0 |    2518 |   0.0 |       0 |      18 |   0.0 |   537
               +---------+---------+-------+---------+---------+-------+---------
